 Dungeon Crawl Stone Soup version 0.31-a0-636-ge1c0e020e0 (webtiles) character file.

Game seed: 11099931719322904533

433 bobarctor the Grave Robber (level 6, -3/41 HPs)
             Began as a Demonspawn Necromancer on Aug 27, 2023.
             Slain by a gnoll
             ... wielding a +0 spear
              (9 damage)
             ... on level 5 of the Dungeon.
             The game lasted 00:12:45 (3847 turns).

bobarctor the Grave Robber (Demonspawn Necromancer) Turns: 3847, Time: 00:12:46

Health: -3/41      AC:  2    Str:  9    XL:     6   Next: 67%
Magic:  2/12       EV: 13    Int: 18    God:
Gold:   214        SH:  0    Dex: 13    Spells: 0/13 levels left

rFire   . . .        c - +0 hand axe (chaos)
rCold   . . .        (no shield)
rNeg    . . .        a - +0 robe
rPois   .            (no helmet)
rElec   .            p - scarf {repulsion}
rCorr   .            (no gloves)
SInv    .            (no boots)
Will    .....        (no amulet)
Stlth   ++           (no ring)
HPRegen 0.26/turn    (no ring)
MPRegen 0.13/turn

%: repel missiles
@: no status effects
A: demonic guardian 1, demonic magic 1, weakness stinger 1
a: no special abilities


You were on level 5 of the Dungeon.
You visited 1 branch of the dungeon, and saw 5 of its levels.

You collected 214 gold pieces.

Inventory:

Hand Weapons
 c - a +0 hand axe of chaos (weapon)
Missiles
 j - 20 poisoned darts
 n - 5 atropa-tipped darts
 s - 3 curare-tipped darts
Armour
 a - a +0 robe (worn)
 p - a scarf of repulsion (worn)
Magical Staves
 f - a staff of fire
Talismans
 k - a beast talisman
Wands
 q - a wand of flame (11)
Scrolls
 g - a scroll of torment
 i - a scroll of summoning
 l - a scroll of identify
Potions
 b - 2 potions of magic
 d - a potion of mutation {unknown}
 e - a potion of degeneration {unknown}
 h - a potion of berserk rage {unknown}
 m - 2 potions of brilliance
 o - a potion of heal wounds {unknown}
 r - 4 potions of curing {unknown}


   Skills:
 + Level 3.2 Dodging
 + Level 3.5 Stealth
 * Level 4.4 Spellcasting
 + Level 5.5 Necromancy


You couldn't memorise any spells.
You knew the following spells:

 Your Spells              Type           Power      Damage    Failure   Level
a - Necrotise             Necr           92%        1d8       1%          1
b - Vampiric Draining     Necr           23%        2d7       4%          3
c - Animate Dead          Necr           23%        N/A       14%         4
d - Agony                 Necr           23%        N/A       38%         5

Your spell library contained the following spells:

 Spells                   Type           Power      Damage    Failure   Level
 Slow                     Hex            12%        N/A       14%         1
 Confusing Touch          Hex            3%         N/A       38%         3


Dungeon Overview and Level Annotations

Branches:
Dungeon (5/15)
 Temple: D:4-7

Altars:
Cheibriados


Innate Abilities, Weirdness & Mutations

A weak demonic guardian rushes to your aid.
Spells you cast may paralyse adjacent enemies.
You have a small tail.


Message History

Unknown command.
Your hound zombie bites the adder.
The adder dies!
The dead are slithering!
Your reaping aura is weakening.
Your hound zombie bites the gnoll.
The gnoll barely misses your hound zombie.
Your adder zombie barely misses the gnoll.
Something hits your adder zombie!
You swap places.
You start resting.
Your reaping aura expires.
You hear a bow twang.
An orc priest comes into view. It is wielding a +0 mace.
The gnoll barely misses you.
The centaur shoots an arrow.
The arrow closely misses you. The gnoll hits you with a +0 spear!
Casting: Vampiric Draining (dangerous; 4% risk of failure)
Confirm with . or Enter, or press ? or * to list all spells.
You don't have enough magic to cast this spell.
Your hound zombie bites the centaur but does no damage.
The centaur unwields a +0 shortbow.
The centaur barely misses you.
The centaur kicks you but does no damage.
Your hound zombie closely misses the centaur.
The gnoll hits you with a +0 spear.
* * * LOW HITPOINT WARNING * * *
The centaur hits you.
* * * LOW HITPOINT WARNING * * *
The centaur closely misses you.
Your hound zombie bites the centaur.
The centaur wields a +0 shortbow.
The centaur shoots an arrow.
The arrow closely misses you.
Your adder zombie barely misses the gnoll.
The gnoll hits you with a +0 spear.
* * * LOW HITPOINT WARNING * * *
A demonic guardian appears!
You swap places.
A gnoll comes into view. It is wielding a +0 halberd.
Your adder zombie bites the gnoll but does no damage.
The gnoll hits you from afar with a +0 spear!
You die...

##... ...# .o
#..#####.######...#
#.................
#######Z##Z##.###
#Z##Z# #.c.g##
####5.# #.@..#
#...........g..
#.######.#.#.## ..
.# # # .. .#. S..#
_. #


You could see 2 gnolls, a friendly iron imp (summoned), a friendly iguana zombie
and a friendly adder zombie.

Vanquished Creatures
  A scorpion (D:4)
  A jelly (D:4)
  3 hounds (D:5)
  6 adders
  3 dart slugs
  5 ball pythons
  7 endoplasms
  2 giant cockroaches
  8 goblins
  7 hobgoblins
  7 kobolds
  5 quokkas
  4 bats
  3 frilled lizards
  A gnoll zombie (D:4)
  A hobgoblin zombie (D:4)
  A jackal zombie (D:4)
  2 rats
67 creatures vanquished.

Vanquished Creatures (collateral kills)
  A scorpion (D:4)
  3 iguanas
  An adder (D:5)
  An ufetubus (D:4)
  A worm (D:4)
  A quokka (D:5)
8 creatures vanquished.

Vanquished Creatures (others)
  2 hound zombies (D:5)
  2 adder zombies (D:5)
4 creatures vanquished.

Grand Total: 79 creatures vanquished

Notes
Turn   | Place    | Note
-------+----------+-------------------------------------------
     0 | D:1      | bobarctor the Demonspawn Necromancer began the quest for
                  | the Orb.
     0 | D:1      | Reached XP level 1. HP: 13/13 MP: 3/3
   306 | D:1      | Gained mutation: A weak demonic guardian rushes to your
                  | aid. [demonic ancestry]
   306 | D:1      | Reached XP level 2. HP: 19/19 MP: 3/5
   703 | D:1      | You fall into a shaft and drop 1 floor!
  1265 | D:2      | Gained mutation: You have a small tail. [demonic ancestry]
  1265 | D:2      | Reached XP level 3. HP: 24/24 MP: 3/6
  1302 | D:2      | Learned a level 3 spell: Vampiric Draining
  2211 | D:3      | Gained mutation: Spells you cast may paralyse adjacent
                  | enemies. [demonic ancestry]
  2211 | D:3      | Reached XP level 4. HP: 30/30 MP: 4/8
  2216 | D:3      | Learned a level 4 spell: Animate Dead
  2410 | D:3      | Found a faded altar of an unknown god.
  2643 | D:4      | Noticed a scorpion
  2648 | D:4      | Killed a scorpion
  2649 | D:4      | Reached skill level 5 in Necromancy
  2703 | D:4      | Reached XP level 5. HP: 33/35 MP: 10/10
  2892 | D:4      | Reached XP level 6. HP: 23/41 MP: 3/12
  3403 | D:4      | Learned a level 5 spell: Agony
  3802 | D:5      | Entered Level 5 of the Dungeon
  3802 | D:5      | Found a snail-covered altar of Cheibriados.
  3847 | D:5      | Slain by a gnoll

Illustrated notes

Levels and vault maps discovered:
D:1:      elethiomel_arrival_infinity_welcomes_careful_drivers, layout_basic,
          chequers_serial_rivers_micro_b, dk_noncrumbling_3
D:2:      layout_rooms
D:3:      layout_basic, hellmonk_ecumenical_altar_inner_sanctum
D:4:      nicolae_cairo_tiling_large_dashed, layout_layer_cave, enter_ossuary_3
D:5:      layout_basic, minmay_ruined_shrine

Skill      XL: |  1  2  3  4  5 |
---------------+----------------+-----
Stealth        | 2 3 |  3.5
Dodging        | 2 3 |  3.2
Spellcasting   | 3 4 |  4.4
Necromancy     | 5 |  5.5

Action                     |  1- 3 |  4- 6 || total
---------------------------+-------+-------++-------
  Melee: Hand axe          |    10 |    75 ||    85
         Tailslap          |     1 |    14 ||    15
         Punch             |       |     1 ||     1
   Cast: Necrotise         |    70 |    16 ||    86
         Vampiric Draining |       |     8 ||     8
         Animate Dead      |       |     1 ||     1
    Use: Scroll            |       |     9 ||     9
   Stab: Paralysed         |       |     5 ||     5
         Sleeping          |       |     2 ||     2
         Distracted        |       |     1 ||     1
 Armour: Robe              |     1 |    14 ||    15
  Dodge: Dodged            |    18 |    81 ||    99

Table legend: (Time is in decaauts)
 A = Elapsed time spent in this place.
 B = Non-inter-level travel time spent in this place.
 C = Inter-level travel time spent in this place.
 D = Time resting spent in this place.
 E = Time spent auto-exploring this place.
 F = Levels seen in this place.
 G = Mean time per level.
                   A        B        C        D        E       F      G
               +--------+--------+--------+--------+--------+-----+--------+
         Total |   3872 |   3753 |    119 |     60 |   2943 |   5 |  774.4 |
       Dungeon |   3872 |   3753 |    119 |     60 |   2943 |   5 |  774.4 |
               +--------+--------+--------+--------+--------+-----+--------+

Top non-repeatable levels by time:
     D:4: 1295 daAuts
     D:1: 1094 daAuts
     D:3: 788 daAuts
     D:2: 643 daAuts
     D:5: 49 daAuts
